 Dungeon Crawl Stone Soup version 0.28-a0-771-g91a516d0e7 (webtiles) character file.

Game seed: 5022938137200562269

93 BlueGoblin the Firebug (level 4, -3/31 HPs)
             Began as an Octopode Cinder Acolyte on Nov 1, 2021.
             Was a High Priest of Ignis.
             Slain by a gnoll (7 damage)
             ... on level 2 of the Dungeon.
             The game lasted 00:03:11 (2909 turns).

BlueGoblin the Firebug (Octopode Cinder Acolyte)    Turns: 2909, Time: 00:03:11

Health: -3/31      AC:  1    Str: 13    XL:     4   Next: 61%
Magic:  5/7        EV: 12    Int: 23    God:    Ignis [*****.]
Gold:   113        SH:  0    Dex:  7    Spells: 5/7 levels left

rFire   + . .      SeeInvis .   d - +1 dagger (drain)
rCold   . . .      Faith    .   (no shield)
rNeg    . . .      Spirit   .   (helmet restricted)
rPois   .          Reflect  .   (no amulet)
rElec   .          Harm     .   c - +6 ring of intelligence
rCorr   .          Rampage  .   (no ring)
Will    .....                   (no ring)
Stlth   ++........              (no ring)
HPRegen 0.10/turn               (no ring)
MPRegen 0.10/turn               (no ring)
                                (no ring)
                                (no ring)

@: no status effects
A: almost no armour, amphibious, 8 rings, camouflage 1, gelatinous body 1,
(nimble swimmer 1), tentacles
a: Renounce Religion, Sea of Fire, Foxfire Swarm, Rising Flame


You were on level 2 of the Dungeon.
You worshipped Ignis.
Ignis was extremely pleased with you.
You visited 1 branch of the dungeon, and saw 2 of its levels.

You collected 113 gold pieces.

Inventory:

Hand Weapons
 a - a -1 short sword of flaming
 d - a +1 dagger of draining (weapon)
Jewellery
 c - a +6 ring of intelligence (left tentacle)
Scrolls
 e - a scroll of acquirement {unknown}
 f - a scroll of noise {unknown}
Potions
 b - 2 potions of invisibility {unknown}
 g - 2 potions of heal wounds {unknown}


   Skills:
 - Level 3.0 Fighting
 - Level 3.0 Short Blades
 + Level 0.3 Dodging
 + Level 2.1 Spellcasting
 + Level 4.6 Fire Magic


You had 5 spell levels left.
You knew the following spells:

 Your Spells              Type           Power      Damage    Failure   Level
a - Scorch                Fire           46%        2d7       2%          2

Your spell library contained the following spells:

 Spells                   Type           Power      Damage    Failure   Level
 Pain                     Necr           8%         1d4       13%         1
 Agony                    Necr           2%         N/A       98%         5
 Excruciating Wounds      Necr           1%         N/A       98%         5


Dungeon Overview and Level Annotations

Branches:
Dungeon (2/15)

Altars:


Innate Abilities, Weirdness & Mutations

You cannot wear most types of armour.
You are amphibious.
You can wear up to eight rings at the same time.
Your skin changes colour to match your surroundings (Stealth+).
Your rubbery body absorbs attacks. (AC +1, EV +1)
((You are camouflaged near water. (Stealth+)))
You have tentacles for arms and can constrict up to eight enemies at once.


Message History

You kill the bat!
The gnoll closely misses you.
The gnoll is no longer more vulnerable to fire.
The ball python bites you. The ball python misses you.
The ball python misses you. x2
The ball python bites you but does no damage.
The ball python misses you. The ball python bites you.
The ball python closely misses you.
You see here a +0 club.
There is a stone staircase leading up here.
Casting: Scorch (safe; 2% risk of failure)
Press: ? - help, Q - select action Dir - look around, f - activate Flames lash the ball python.
You kill the ball python!
The gnoll hits you from afar with a +0 spear.
Casting: Scorch (safe; 2% risk of failure)
Press: ? - help, Q - select action Dir - look around, f - activate You miscast Scorch.
You are very lightly contaminated with residual magic.
Nothing appears to happen.
The gnoll closely misses you.
The gnoll hits you from afar with a +0 spear!
You climb upwards.
There is a stone staircase leading down here.
You start resting.
Your magical contamination has completely faded away.
You start resting.
Magic restored.
You climb downwards.
The gnoll hits you with a +0 club!
There is a stone staircase leading up, spattered with blood here.
Casting: Scorch (safe; 2% risk of failure)
Press: ? - help, Q - select action Dir - look around, f - activate Flames lash the gnoll.
The gnoll is heavily wounded.
The gnoll's fire resistance burns away.
The gnoll hits you from afar with a +0 halberd!
The gnoll hits you with a +0 club!
* * * LOW HITPOINT WARNING * * *
The gnoll hits you from afar with a +0 halberd!
You die...

#...............#
###..####.###.#(#
####..............
#....#####........
#.##.............#
#.##..########.###
#.##..# #.#
#.##..## #.#
#@##...# #.#
#g##.#.#######.#
#g.............#
#..#......######
#......##.######
#..............#
##g.............#
#...............#
#...............#


You could see 3 gnolls.

Vanquished Creatures
  Jessica (D:2)
  A gnoll (D:2)
  An adder (D:2)
  A dart slug (D:1)
  4 endoplasms (D:2)
  2 giant cockroaches (D:1)
  2 goblins
  8 hobgoblins
  3 jackals (D:2)
  2 quokkas
  3 ball pythons
  8 bats
  A frilled lizard (D:1)
  3 kobolds
  2 rats
42 creatures vanquished.

Notes
Turn   | Place    | Note
-------+----------+-------------------------------------------
     0 | D:1      | BlueGoblin the Octopode Cinder Acolyte began the quest for
                  | the Orb.
     0 | D:1      | Reached XP level 1. HP: 16/16 MP: 2/2
   122 | D:1      | Reached XP level 2. HP: 14/21 MP: 3/3
   248 | D:1      | Learned a level 2 spell: Scorch
   711 | D:1      | Found a faded altar of an unknown god.
   926 | D:2      | Reached skill level 4 in Fire Magic
   930 | D:2      | HP: 1/21 [jackal (2)]
  1372 | D:2      | Reached XP level 3. HP: 20/26 MP: 1/4
  1986 | D:2      | Noticed Jessica
  1993 | D:2      | Killed Jessica
  1994 | D:2      | Reached XP level 4. HP: 31/31 MP: 1/6
  2909 | D:2      | Slain by a gnoll

Illustrated notes

Levels and vault maps discovered:
D:1:      minmay_arrival_jagged, layout_loops_ring,
          dreamdust_ecumenical_altar_angels_and_demons
D:2:      layout_loops_ring, minmay_vboxes, uniq_jessica

Skill      XL: |  1  2  3  4 |
---------------+-------------+-----
Fire Magic     | 4 |  4.6
Spellcasting   | 2 |  2.1
Fighting       | |  3.0
Short Blades   | |  3.0
Dodging        | |  0.3

Action                   |  1- 3 |  4- 6 || total
-------------------------+-------+-------++-------
Melee: Short sword       |    28 |       ||    28
       Constrict         |     3 |     3 ||     6
       Tentacles         |     3 |       ||     3
       Dagger            |       |     6 ||     6
 Cast: Scorch            |    18 |    21 ||    39
  Use: Scroll            |     4 |       ||     4
Armor: Skin              |     2 |     4 ||     6
Dodge: Dodged            |    18 |    27 ||    45

Table legend: (Time is in decaauts)
 A = Elapsed time spent in this place.
 B = Non-inter-level travel time spent in this place.
 C = Inter-level travel time spent in this place.
 D = Time resting spent in this place.
 E = Time spent auto-exploring this place.
 F = Levels seen in this place.
 G = Mean time per level.
                   A        B        C        D        E       F      G
               +--------+--------+--------+--------+--------+-----+--------+
         Total |   2912 |   2782 |    130 |    593 |   1847 |   2 | 1456.0 |
       Dungeon |   2912 |   2782 |    130 |    593 |   1847 |   2 | 1456.0 |
               +--------+--------+--------+--------+--------+-----+--------+

Top non-repeatable levels by time:
     D:1: 1498 daAuts
     D:2: 1414 daAuts
